 Dungeon Crawl Stone Soup version 0.31-a0-175-g9f7f995f2b (webtiles) character file.

Game seed: 13888115083272607375

32 qw the Shooter (level 3, -3/32 HPs)
             Began as a Naga Hunter on June 16, 2023.
             Slain by an adder (4 damage)
             ... on level 2 of the Dungeon.
             The game lasted 00:00:14 (558 turns).

qw the Shooter (Naga Hunter)                         Turns: 558, Time: 00:00:14

Health: -3/32      AC:  2    Str: 13    XL:     3   Next: 27%
Magic:  3/3        EV:  9    Int:  9    God:
Gold:   13         SH:  0    Dex: 16    Spells: 2/2 levels left

rFire   . . .        Y - +0 shortbow
rCold   . . .        (shield currently unavailable)
rNeg    . . .        c - +0 leather armour
rPois   +            (no helmet)
rElec   .            (no cloak)
rCorr   .            (no gloves)
SInv    +            (no barding)
Will    .....        (no amulet)
Stlth   ++           (no ring)
HPRegen 0.25/turn    (no ring)
MPRegen 0.08/turn

%: no passive effects
@: short of breath, very slow
A: AC +1, large, see invisible, deformed body, poison resistance, slowness 2,
spit poison 1, naga tail 1
a: Spit Poison


You were on level 2 of the Dungeon.
You visited 1 branch of the dungeon, and saw 2 of its levels.

You collected 13 gold pieces.


Innate Abilities, Weirdness & Mutations

Your serpentine skin is tough. (AC +1)
You have supernaturally acute eyesight. (SInv)
Armour fits poorly on your strangely shaped body.
Your system is resistant to poisons. (rPois)
You cover ground very slowly.
You can spit poison.
You have a snake-like lower body.


   Skills:
 - Level 2.0 Fighting
 + Level 4.6 Ranged Weapons
 - Level 1.5 Dodging
 - Level 1.5 Stealth


You had 2 spell levels left.
You didn't know any spells.
Your spell library was empty.

Inventory:

Hand Weapons
 Y - a +0 shortbow (weapon)
Armour
 c - a +0 leather armour (worn)
Scrolls
 a - a scroll of blinking {unknown}
Potions
 e - a potion of enlightenment {unknown}

Dungeon Overview and Level Annotations

Branches:
Dungeon (2/15)

Altars:


Message History

The kobold barely misses you. The adder bites you.
You shoot an arrow. The arrow closely misses the kobold.
The adder bites you. The kobold hits you but does no damage.
The adder bites you. The adder barely misses you.
You shoot an arrow. The arrow hits the kobold.
You kill the kobold!
You have got your breath back.
The bat closely misses you. The adder misses you. The adder bites you. x2
The adder closely misses you.
You have reached level 3!
Your experience leads to an increase in your attributes!
Increase (S)trength, (I)ntelligence, or (D)exterity?
You feel agile. x2; Your skin feels tougher.
554 ||| INVOKING Spit Poison.
Aiming: Spit Poison (2% risk of failure)
Press: ? - help, Shift-Dir - straight line, f - adder The splash of poison hits the adder!
The adder is poisoned.
The adder is almost dead.
The bat hits you but does no damage. The adder bites you.
The adder barely misses you.
You shoot an arrow. The arrow closely misses the adder.
The bat hits you but does no damage. The adder completely misses you.
The adder bites you but does no damage. The bat hits you but does no damage.
The adder bites you.
You shoot an arrow. The arrow hits the adder.
You kill the adder!
The bat hits you but does no damage. The adder bites you. x2
The bat hits you but does no damage.
You shoot an arrow. The arrow hits the adder.
The adder is severely wounded.
You have got your breath back.
The bat hits you but does no damage. The adder closely misses you.
558 ||| INVOKING Spit Poison.
Aiming: Spit Poison (2% risk of failure)
Press: ? - help, Shift-Dir - straight line, f/p - adder The splash of poison hits the adder but does no damage.
The adder is poisoned.
The adder is severely wounded.
The bat barely misses you. The adder bites you.
You die...

.......>........[##.#
.######.##.#.....##.#
#.##.......##.####
#.##.............#
#.............##.#
#.##..#...##.###.#
#.##..#...##.# #.#
##.#S##..#...##.###.##
#....@................
......b##..#...........#
####.#. #..#..###.####.#
.. #. #..#..###.####.#
#| #. #..............# #
#. #.##..###.###### #.
#.##............ ..
..##.########### ..##.#


You could see an adder (poisoned) and a bat.

Vanquished Creatures
  An adder (D:2)
  4 bats (D:1)
  2 endoplasms (D:1)
  2 giant cockroaches (D:1)
  2 hobgoblins (D:1)
  5 kobolds
  2 ball pythons (D:1)
  A frilled lizard (D:1)
  A goblin (D:1)
  3 rats (D:1)
23 creatures vanquished.

Notes
Turn   | Place    | Note
-------+----------+-------------------------------------------
     0 | D:1      | qw the Naga Hunter began the quest for the Orb.
     0 | D:1      | Reached XP level 1. HP: 19/19 MP: 1/1
     0 | D:1      | 0 ||| qw: Version: 0.2-a-29-g511e9b1
     0 | D:1      | 0 ||| qw: Game counter: 5876
     0 | D:1      | 0 ||| qw: Always use a shield: true
     0 | D:1      | 0 ||| qw: God list: Okawaru
     0 | D:1      | 0 ||| qw: Allow faded altars: false
     0 | D:1      | 0 ||| qw: Do Orc after D:15 true
     0 | D:1      | 0 ||| qw: Do second Lair branch before Depths: true
     0 | D:1      | 0 ||| qw: Lair rune preference: random
     0 | D:1      | 0 ||| qw: Plans: Normal
     0 | D:1      | 0 ||| PLANNING D:1-11
    16 | D:1      | 16 ||| INVOKING Spit Poison.
    46 | D:1      | 46 ||| INVOKING Spit Poison.
    54 | D:1      | 54 ||| INVOKING Spit Poison.
    67 | D:1      | 67 ||| INVOKING Spit Poison.
    80 | D:1      | Reached skill level 4 in Ranged Weapons
    80 | D:1      | Reached XP level 2. HP: 26/26 MP: 2/2
    95 | D:1      | 95 ||| INVOKING Spit Poison.
   109 | D:1      | 109 ||| INVOKING Spit Poison.
   145 | D:1      | 145 ||| INVOKING Spit Poison.
   184 | D:1      | 184 ||| INVOKING Spit Poison.
   191 | D:1      | 191 ||| INVOKING Spit Poison.
   199 | D:1      | 199 ||| INVOKING Spit Poison.
   224 | D:1      | 224 ||| INVOKING Spit Poison.
   242 | D:1      | 242 ||| INVOKING Spit Poison.
   447 | D:1      | 447 ||| INVOKING Spit Poison.
   455 | D:1      | 455 ||| READING scroll labelled HOILOH EDICH.
   456 | D:1      | 456 ||| DROPPING scroll of butterflies.
   542 | D:2      | 542 ||| INVOKING Spit Poison.
   549 | D:2      | 549 ||| INVOKING Spit Poison.
   554 | D:2      | Reached XP level 3. HP: 9/32 MP: 3/3
   554 | D:2      | 554 ||| INVOKING Spit Poison.
   554 | D:2      | HP: 5/32 [adder (4)]
   556 | D:2      | HP: 2/32 [adder (3)]
   558 | D:2      | 558 ||| INVOKING Spit Poison.
   558 | D:2      | Slain by an adder

Levels and vault maps discovered:
D:1:      kennysheep_arrival_forest, layout_rooms, moated_statue
D:2:      layout_basic, minmay_pentomino_o4

Skill      XL: |  1 |
---------------+----+-----
Ranged Weapons | 4 |  4.6
Fighting       | |  2.0
Dodging        | |  1.5
Stealth        | |  1.5

Action                     || total
---------------------------++-------
   Fire: Shortbow          ||    36
Ability: Spit Poison       ||    17
    Use: Scroll            ||     1
 Armour: Leather armour    ||    10
  Dodge: Dodged            ||    20

Table legend:
 A = Non-vault XP
 B = Vault XP
 C = Vault XP percentage of total XP
 D = Non-vault monster count
 E = Vault monster count
 F = Vault count percentage of total count
                 A         B        C        D         E       F
            +---------+---------+-------+---------+---------+-------
      Total |      32 |      15 |  31.9 |      21 |       2 |   8.7
            +---------+---------+-------+---------+---------+-------
        D:1 |      32 |       0 |   0.0 |      21 |       0 |   0.0
        D:2 |       0 |      15 | 100.0 |       0 |       2 | 100.0
            +---------+---------+-------+---------+---------+-------
